 Dungeon Crawl Stone Soup version 0.27.1-34-g3ba077fa99 (webtiles) character file.

Game seed: 14748938555190511621

292 lordive the Conjurer (level 6, -7/32 HPs)
             Began as a Gargoyle Conjurer on Jan 19, 2022.
             Mangled by an orc warrior (16 damage)
             ... on level 4 of the Dungeon.
             The game lasted 00:04:08 (3113 turns).

lordive the Conjurer (Gargoyle Conjurer)            Turns: 3113, Time: 00:04:09

Health: -7/32      AC:  9    Str: 10    XL:     6   Next: 33%
Magic:  11/20      EV: 12    Int: 21    God:
Gold:   104        SH:  0    Dex:  8    Spells: 9/12 levels left

rFire    . . .     SeeInvis +   (no weapon)
rCold    . . .     Faith    .   (no shield)
rNeg     + . .     Spirit   .   p - +1 animal skin
rPois    ∞         Reflect  .   o - +0 helmet
rElec    +         Harm     .   (no cloak)
rCorr    .         Rampage  .   (no gloves)
Will     .....                  j - +0 pair of boots
Stlth    ++........             (no amulet)
HPRegen  0.10/turn              b - ring of see invisible
MPRegen  0.17/turn              g - ring of magical power

@: no status effects
A: sickness immunity, AC +4, negative energy resistance 1, electricity
resistance, torment resistance 1, petrification resistance
a: no special abilities


You were on level 4 of the Dungeon.
You visited 1 branch of the dungeon, and saw 4 of its levels.

You collected 126 gold pieces.
You spent 22 gold pieces at shops.

Inventory:

Armour
 j - a +0 pair of boots (worn)
 n - a +0 leather armour
 o - a +0 helmet (worn)
 p - a +1 animal skin (worn)
Jewellery
 a - an amulet of faith
 b - a ring of see invisible (left hand)
 g - a ring of magical power (right hand)
 l - a ring of flight
Scrolls
 f - a scroll of silence {unknown}
 h - 3 scrolls of immolation {unknown}
 i - 2 scrolls of enchant weapon {unknown}
 k - a scroll of teleportation {unknown}
 m - a scroll of torment {unknown}
Potions
 c - 2 potions of heal wounds
 d - a potion of lignification {unknown}
 e - 2 potions of brilliance


   Skills:
 + Level 2.0 Dodging
 + Level 3.4 Stealth
 + Level 3.8 Spellcasting
 + Level 6.3 Conjurations


You had 9 spell levels left.
You knew the following spells:

 Your Spells              Type           Power      Damage    Failure   Level
a - Magic Dart            Conj           100%       1d8       1%          1
b - Searing Ray           Conj           60%        3d5       1%          2

Your spell library contained the following spells:

 Spells                   Type           Power      Damage    Failure   Level
 Dazzling Flash           Conj/Hex       34%        N/A       10%         3
 Slow                     Hex            4%         N/A       19%         2
 Fulminant Prism          Conj/Hex       8%         3d7       32%         4
 Iskenderun's Mystic Bla  Conj/Tloc      17%        2d5       32%         4
 Confusing Touch          Hex            4%         N/A       36%         3
 Vampiric Draining        Necr           2%         2d6       36%         3


Dungeon Overview and Level Annotations

Branches:
Dungeon (4/15)
 Temple: D:4-7

Altars:
Cheibriados

Shops:
D:1 *


Innate Abilities, Weirdness & Mutations

You are immune to sickness and miasma.
Your stone body is resilient. (AC +4)
You are immune to poison.
You resist negative energy. (rN+)
You are resistant to electric shocks. (rElec)
You are resistant to unholy torment.
You are immune to petrification.


Message History

What level of the Dungeon? (default 1, ? - help)
There is a stone staircase leading down here.
You climb downwards.
The orc shouts!
You hear a shout! x2
Found five items.
There is a stone staircase leading up here.
An orc is nearby!
The magic dart hits the orc.
The orc is moderately wounded.
An orc warrior comes into view. It is wielding a +0 war axe.
The magic dart hits the orc.
You kill the orc!
The magic dart hits the orc warrior but does no damage.
An orc comes into view. It is wielding a +0 mace.
The magic dart hits the orc warrior.
The orc warrior is lightly wounded.
The magic dart hits the orc warrior.
The orc warrior is moderately wounded.
The magic dart hits the orc warrior but does no damage.
The orc warrior is moderately wounded.
An orc comes into view. It is wielding a +0 whip.
Casting: Magic Dart (safe; 1% risk of failure)
Confirm with . or Enter, or press ? or * to list all spells.
Aiming: Searing Ray (safe; 1% risk of failure)
Press: ? - help, Shift-Dir - straight line, f/p - orc warrior
Aim: an orc warrior, wielding a +0 war axe and wearing a +0 chain mail (moderately wounded, 77% to hit)
The searing ray hits the orc warrior!
The orc warrior is severely wounded. (Press . to maintain the ray.)
The orc shouts!
The orc warrior hits you with a +0 war axe!
The searing ray hits the orc warrior.
The orc warrior is severely wounded.
The orc warrior hits you with a +0 war axe!
Ouch! That really hurt!
* * * LOW HITPOINT WARNING * * *
The searing ray misses the orc warrior.
The orc warrior hits you with a +0 war axe!
Ouch! That really hurt!
You die...

.......#
##......+
##.......+
#........+
#.......##
#.#.?......#
#.........###
#.....@.....#
#....o#.....#
##.(.o .)..$#
###.. .....#
#.o .....#
./) .......
.... ....?.#
.... ......#


You could see an orc warrior and 2 orcs.

Vanquished Creatures
  A necrophage (D:3)
  A phantom (D:2)
  Jessica (D:3)
  Robin (D:3)
  A gnoll (D:1)
  An adder (D:2)
  A worm (D:2)
  3 dart slugs
  An orc (D:4)
  5 endoplasms
  A giant cockroach (D:2)
  14 goblins
  9 hobgoblins
  5 jackals (D:1)
  3 quokkas
  4 ball pythons
  A bat (D:2)
  6 frilled lizards
  A kobold (D:1)
  3 rats (D:3)
63 creatures vanquished.

Notes
Turn   | Place    | Note
-------+----------+-------------------------------------------
     0 | D:1      | lordive the Gargoyle Conjurer began the quest for the Orb.
     0 | D:1      | Reached XP level 1. HP: 10/10 MP: 3/3
   252 | D:1      | Reached XP level 2. HP: 15/15 MP: 3/5
   365 | D:1      | Learned a level 2 spell: Searing Ray
   547 | D:1      | Reached skill level 5 in Conjurations
   763 | D:1      | Reached XP level 3. HP: 19/19 MP: 1/6
   998 | D:1      | Found a faded altar of an unknown god.
  1163 | D:1      | Found Leacyten's General Store.
  1215 | D:1      | Bought a scroll of identify for 22 gold pieces
  1748 | D:2      | Reached XP level 4. HP: 24/24 MP: 7/7
  1922 | D:2      | Noticed a phantom
  1928 | D:2      | Killed a phantom
  1929 | D:2      | Reached XP level 5. HP: 28/28 MP: 9/9
  2539 | D:3      | Noticed a necrophage
  2544 | D:3      | Killed a necrophage
  2545 | D:3      | Reached skill level 6 in Conjurations
  2545 | D:3      | Reached XP level 6. HP: 32/32 MP: 11/11
  2626 | D:3      | Noticed Jessica
  2630 | D:3      | Killed Jessica
  2638 | D:3      | Noticed Robin
  2647 | D:3      | Killed Robin
  2745 | D:3      | Found a snail-covered altar of Cheibriados.
  3105 | D:4      | Noticed an orc warrior
  3113 | D:4      | Mangled by an orc warrior

Illustrated notes

Levels and vault maps discovered:
D:1:      psy_arrival_wood_between_worlds, layout_basic, basic_ecumenical_altar,
          serial_shops, nicolae_lakefront_shop
D:2:      layout_basic
D:3:      layout_rooms, kennysheep_slug_shrine, uniq_robin, uniq_jessica
D:4:      layout_cave_pools, amcnicky_altar_gilded,
          minmay_temple_entry_crystal_x, kennysheep_donut,
          minmay_misc_feat_plants, goddamned_bats

Skill      XL: |  1  2  3  4  5 |
---------------+----------------+-----
Conjurations   | 5 6 |  6.3
Stealth        | 3 |  3.4
Spellcasting   | 3 |  3.8
Dodging        | 2 |  2.0

Action                   |  1- 3 |  4- 6 || total
-------------------------+-------+-------++-------
 Cast: Magic Dart        |    63 |    60 ||   123
       Searing Ray       |     1 |     4 ||     5
  Use: Scroll            |     1 |     1 ||     2
Armor: Robe              |     4 |       ||     4
Dodge: Dodged            |     8 |     2 ||    10
